 Dungeon Crawl Stone Soup version 0.32-a0-675-gdc239d62e1 (webtiles) character file.

Game seed: 8687723766662250767

1670 Leefty the Skirmisher (level 9, -3/68 HPs)
             Began as a Formicid Hunter on Mar 12, 2024.
             Was an Initiate of Okawaru.
             Killed from afar by a steam dragon (13 damage)
             ... with a ball of steam
             ... on level 7 of the Dungeon.
             The game lasted 00:08:35 (6287 turns).

Leefty the Skirmisher (Formicid Hunter)             Turns: 6287, Time: 00:08:35

Health: -3/68      AC:  7    Str: 16    XL:     9   Next: 21%
Magic:  9/9        EV:  8    Int:  9    God:    Okawaru [......]
Gold:   236        SH: 22    Dex: 21    Spells: 8/8 levels left

rFire   . . .        a - +0 shortbow
rCold   . . .        m - +0 tower shield
rNeg    + . .        i - +1 ring mail "Ebics" {rN+}
rPois   .            (helmet unavailable)
rElec   .            d - +0 cloak
rCorr   .            (no gloves)
SInv    +            (no boots)
Will    .....        g - amulet of reflection
Stlth   +            (no ring)
HPRegen 0.31/turn    (no ring)
MPRegen 0.11/turn

%: reflection
@: no status effects
A: permanent stasis, dig shafts and tunnels, antennae 3, four strong arms
a: Dig, Shaft Self, Renounce Religion


You were on level 7 of the Dungeon.
You worshipped Okawaru.
Okawaru was noncommittal.
You visited 2 branches of the dungeon, and saw 8 of its levels.

You collected 236 gold pieces.

Inventory:

Hand Weapons
 a - a +0 shortbow (weapon)
Missiles
 l - a throwing net
Armour
 d - a +0 cloak (worn)
 i - the +1 ring mail "Ebics" (worn) {rN+}
   (You found it on level 5 of the Dungeon)

   rN+:       It protects you from negative energy.
 m - a +0 tower shield (worn)
 o - a +0 leather armour
Jewellery
 g - an amulet of reflection (around neck)
 j - a ring of wizardry
Wands
 c - a wand of light (6)
Scrolls
 h - 3 scrolls of teleportation {@r3}
 q - a scroll of brand weapon
 r - a scroll of enchant armour
 s - 2 scrolls of fear
 t - 2 scrolls of noise
Potions
 b - a potion of degeneration
 e - a potion of resistance
 f - 2 potions of attraction
 k - 2 potions of lignification {unknown}
 n - a potion of invisibility
 p - 2 potions of haste {unknown}


   Skills:
 - Level 5.0 Fighting
 * Level 9.4 Ranged Weapons
 - Level 1.7 Dodging
 - Level 1.2 Stealth
 + Level 7.5 Shields


You had 8 spell levels left.
You didn't know any spells.
Your spell library contained the following spells:

 Spells                   Type           Power      Damage    Failure   Level
 Necrotise                Necr           0%         1d4       99%         1
 Slow                     Hex            0%         N/A       99%         1
 Sting                    Conj/Alch      0%         1d3       99%         1
 Mercury Vapours          Alch/Air       0%         N/A       100%        2
 Confusing Touch          Hex            0%         N/A       100%        3
 Sigil of Binding         Hex            0%         N/A       100%        3
 Vampiric Draining        Necr           0%         2d6       100%        3
 Leda's Liquefaction      Alch/Erth      0%         N/A       100%        4
 Olgreb's Toxic Radiance  Alch           0%         N/A       100%        4
 Curse of Agony           Necr           0%         N/A       100%        5
 Lee's Rapid Deconstruct  Erth           0%         3d4*      100%        5
 Bombard                  Conj/Erth      0%         9d1       100%        6
 Martyr's Knell           Necr/Summ      Unusable   N/A       N/A         4

Dungeon Overview and Level Annotations

Branches:
Dungeon (7/15)             Temple (1/1) D:6

Altars:
Cheibriados
Dithmenos
Elyvilon
Fedhas
Hepliaklqana
Kikubaaqudgha
Makhleb
Nemelex Xobeh
Okawaru
Qazlal
Ru
Sif Muna
Trog
Uskayaw
Vehumet
Wu Jian
Xom
Yredelemnul
The Shining One


Innate Abilities, Weirdness & Mutations

You cannot be hasted, slowed, berserked, paralysed or teleported.
You can dig through walls and to a lower floor.
You have a pair of large antennae on your head. (SInv)
Your four strong arms can wield two-handed weapons with a shield.


Message History

You are too injured to fight recklessly!
You are too injured to fight recklessly!
Aiming: Bolt of Light
Press: ? - help, Q - select action, (/) - cycle Shift-Dir - straight line, f/p - steam dragon
Aim: a steam dragon (lightly wounded, catching its breath, 71% to hit)
The bolt of light hits the steam dragon!
The steam dragon is moderately wounded.
The steam dragon is blinded.
You are engulfed in a cloud of scalding steam.
You shoot an arrow.
The arrow hits the steam dragon but does no damage.
The steam dragon is moderately wounded.
You are engulfed in a cloud of scalding steam.
The steam dragon barely misses you. You block the steam dragon's attack.
You shoot an arrow. The arrow hits the steam dragon.
The steam dragon is severely wounded.
You are engulfed in a cloud of scalding steam.
The steam dragon breathes steam at you. The ball of steam misses you.
You shoot an arrow.
The arrow closely misses the steam dragon.
The steam dragon closely misses you. The steam dragon claws you.
You block the steam dragon's attack. The steam dragon barely misses you.
You shoot an arrow.
The arrow hits the steam dragon but does no damage.
The steam dragon is severely wounded.
The steam dragon breathes steam at you. The ball of steam hits you!
You shoot an arrow. The arrow hits the steam dragon.
The steam dragon is severely wounded.
You are engulfed in a cloud of scalding steam.
You block the steam dragon's attack. The steam dragon closely misses you.
You shoot an arrow.
The arrow barely misses the steam dragon.
You are engulfed in a cloud of scalding steam.
* * * LOW HITPOINT WARNING * * *
The steam dragon completely misses you. You block the steam dragon's attack.
The steam dragon breathes steam at you. The ball of steam hits you!
You die...

%.. ##.. #.D #!#
##.# #.## ##.##
#.D.## #.@..#
##....##
##..ยง...##
##........###
#...........##
#.............#
#........<...#.#
..#..........###
#..........#


You could see a steam dragon (blind, unable to see you, catching breath).

Vanquished Creatures
  A steam dragon (D:6)
  A water moccasin (D:5)
  A black bear (D:5)
  An ice beast (D:4)
  4 ogres
  3 phantoms
  A bullfrog (D:6)
  A scorpion (D:6)
  A howler monkey (D:5)
  A crimson imp (D:4)
  4 jellies
  2 hounds (D:5)
  2 orc priests
  2 bombardier beetles
  An iguana (D:6)
  4 orc wizards (D:5)
  2 adders
  2 ufetubi (D:6)
  2 dart slugs
  4 ribbon worms
  8 orcs
  5 bats
  7 endoplasms
  5 giant cockroaches
  7 goblins
  7 hobgoblins
  3 jackals (D:3)
  5 quokkas
  4 ball pythons
  6 frilled lizards
  7 kobolds
  6 rats
110 creatures vanquished.

Notes
Turn   | Place    | Note
-------+----------+-------------------------------------------
     0 | D:1      | Leefty the Formicid Hunter began the quest for the Orb.
     0 | D:1      | Reached XP level 1. HP: 16/16 MP: 1/1
    77 | D:1      | Reached XP level 2. HP: 23/23 MP: 2/2
    93 | D:1      | Reached skill level 1 in Shields
   354 | D:1      | Reached XP level 3. HP: 27/28 MP: 3/3
   920 | D:2      | Reached XP level 4. HP: 35/35 MP: 4/4
  1127 | D:2      | Reached skill level 5 in Ranged Weapons
  1152 | D:2      | Reached XP level 5. HP: 41/41 MP: 5/5
  1667 | D:3      | Found a white marble altar of Elyvilon.
  2256 | D:3      | Became a worshipper of Elyvilon the Healer
  2570 | D:4      | Reached * piety under Elyvilon
  2708 | D:4      | Noticed an ice beast
  2720 | D:4      | Killed an ice beast
  2721 | D:4      | Reached XP level 6. HP: 44/48 MP: 6/6
  3088 | D:4      | Found a shimmering altar of Xom.
  3088 | D:4      | Found a burning altar of Makhleb.
  3103 | D:4      | Reached skill level 6 in Ranged Weapons
  3276 | D:5      | Entered Level 5 of the Dungeon
  3615 | D:5      | Reached XP level 7. HP: 44/54 MP: 7/7
  3841 | D:5      | Found a stormy altar of Qazlal.
  3861 | D:5      | Identified the +1 ring mail "Ebics" {rN+}
  3982 | D:5      | Reached ** piety under Elyvilon
  4232 | D:5      | Found a sacrificial altar of Ru.
  4261 | D:5      | Noticed a water moccasin
  4281 | D:5      | Killed a water moccasin
  4282 | D:5      | Reached skill level 7 in Ranged Weapons
  4287 | D:5      | Reached skill level 5 in Shields
  4429 | D:5      | Reached XP level 8. HP: 60/61 MP: 8/8
  4444 | D:5      | Reached skill level 5 in Fighting
  4604 | D:5      | Elyvilon protects you from harm!
  4734 | D:5      | Found a hide-covered altar of Uskayaw.
  5160 | D:5      | Reached skill level 8 in Ranged Weapons
  5222 | D:6      | HP: 1/62 [steam dragon] (16)]
  5409 | D:6      | Found a basalt altar of Yredelemnul.
  5461 | D:6      | Reached XP level 9. HP: 60/68 MP: 9/9
  5533 | D:6      | Found a shadowy altar of Dithmenos.
  5558 | D:6      | Reached skill level 9 in Ranged Weapons
  5608 | D:6      | Found a staircase to the Ecumenical Temple.
  5638 | D:6      | Found a blossoming altar of Fedhas.
  5638 | D:6      | Found an ancient bone altar of Kikubaaqudgha.
  5638 | D:6      | Reached *** piety under Elyvilon
  5658 | Temple   | Entered the Ecumenical Temple
  5726 | Temple   | Fell from the grace of Elyvilon
  5726 | Temple   | Became a worshipper of Warmaster Okawaru
  5848 | D:6      | Found a snail-covered altar of Cheibriados.
  5880 | D:6      | Found an ornate altar of the Wu Jian Council.
  6287 | D:7      | Killed from afar by a steam dragon

Illustrated notes

Levels and vault maps discovered:
D:1:      evilmike_arrival_crescent, layout_loops_ring, minmay_heptomino_h4
D:2:      cheibrodos_pilgrimage, layout_basic
D:3:      layout_basic, nicolae_elyvilon_temple_path
D:4:      layout_basic, grunt_temple_overflow_champion_of_chaos
D:5:      layout_layer_cave, mainiacjoe_overflow_surrounded_room,
          nicolae_qazlal_scattered_showers, nicolae_ru_great_annihilating_truth,
          dreamdust_princess_bridge
D:6:      layout_loops_ring, grunt_temple_overflow_growth_and_decay,
          grunt_dithmenos_smoke_and_mirrors, mainiacjoe_overflow_catch_the_wave,
          mainiacjoe_overflow_tiny_flanked
D:7:      layout_cave_pods, general_overflow_altar, serial_shops,
          nicolae_shop_tiny_waterfront
Temple:   nicolae_temple_great_sept

Skill      XL: |  1  2  3  4  5  6  7  8  9 |
---------------+----------------------------+-----
Shields        | 1 2 3 4 5 7 |  7.5
Fighting       | 3 4 5 |  5.0
Ranged Weapons | 5 6 7 8 9 |  9.4
Dodging        | |  1.7
Stealth        | |  1.2

Action                     |  1- 3 |  4- 6 |  7- 9 || total
---------------------------+-------+-------+-------++-------
   Fire: Shortbow          |    92 |   194 |   245 ||   531
  Evoke: Wand              |       |       |     2 ||     2
    Use: Potion            |       |     4 |     1 ||     5
         Scroll            |       |     1 |     9 ||    10
 Armour: Leather armour    |    28 |    46 |    56 ||   130
         Ring mail         |       |       |    52 ||    52
  Dodge: Dodged            |    16 |    39 |    44 ||    99
  Block: Tower shield      |       |    56 |   192 ||   248

Table legend: (Time is in decaauts)
 A = Elapsed time spent in this place.
 B = Non-inter-level travel time spent in this place.
 C = Inter-level travel time spent in this place.
 D = Time resting spent in this place.
 E = Time spent auto-exploring this place.
 F = Levels seen in this place.
 G = Mean time per level.
                   A        B        C        D        E       F      G
               +--------+--------+--------+--------+--------+-----+--------+
         Total |   6486 |   6181 |    305 |   1068 |   4042 |   8 |  810.8 |
       Dungeon |   6406 |   6121 |    285 |   1068 |   3985 |   7 |  915.1 |
        Temple |     79 |     59 |     20 |      0 |     57 |   1 |   79.0 |
               +--------+--------+--------+--------+--------+-----+--------+

Top non-repeatable levels by time:
     D:5: 1764 daAuts
     D:4: 1225 daAuts
     D:6: 1021 daAuts
     D:1: 919 daAuts
     D:3: 808 daAuts
     D:2: 633 daAuts
  Temple: 79 daAuts
     D:7: 33 daAuts
